 Dungeon Crawl Stone Soup version 0.26.0-10-g1f06aea511 (webtiles) character file.

Game seed: 2752431452228588319

34 Borgoz the Ducker (level 3, -6/30 HPs)
             Began as a Ghoul Gladiator on Jan 15, 2021.
             Engulfed by a cloud of flame (25 damage)
             ... on level 1 of the Dungeon.
             The game lasted 00:01:27 (748 turns).

Borgoz the Ducker (Ghoul Gladiator)                  Turns: 748, Time: 00:01:28

Health: -6/30      AC:  7    Str: 17    XL:     3   Next: 31%
Magic:  2/2        EV: 12    Int:  3    God:
Gold:   72         SH:  0    Dex: 11    Spells: 2/2 levels left

rFire    . . .     SeeInvis .   a - +0 long sword
rCold    + . .     Faith    .   (no shield)
rNeg     + + +     Spirit   .   h - +0 ring mail
rPois    ∞         Reflect  .   c - +1 helmet
rElec    .         Harm     .   (no cloak)
rCorr    .         Rampage  .   (no gloves)
Will     .....                  (no boots)
Stlth    +.........             (no amulet)
HPRegen  0.10/turn              (no ring)
MPRegen  0.08/turn              (no ring)

@: no status effects
A: claws 1, cold resistance 1, negative energy resistance 3, inhibited
regeneration, torment resistance, unbreathing
a: no special abilities


You were on level 1 of the Dungeon.
You visited 1 branch of the dungeon, and saw 1 of its levels.

You collected 72 gold pieces.

Inventory:

Hand Weapons
 a - a +0 long sword (weapon)
Missiles
 d - 3 throwing nets (quivered)
Armour
 c - a +1 helmet (worn)
 h - a +0 ring mail (worn)
Scrolls
 b - a scroll of identify
 g - a scroll of amnesia {unknown}
 i - 3 scrolls of remove curse {unknown}
Potions
 e - a potion of curing
 f - a potion of heal wounds {unknown}
 j - a potion of attraction {unknown}


   Skills:
 + Level 2.6 Fighting
 * Level 3.2 Long Blades
 - Level 1.7 Throwing
 * Level 3.2 Dodging


You had 2 spell levels left.
You didn't know any spells.
Your spell library was empty.

Dungeon Overview and Level Annotations

Branches:
Dungeon (1/15)

Altars:


Innate Abilities, Weirdness & Mutations

You thrive by killing the living.
You are immune to poison.
You have sharp fingernails.
Your flesh is cold resistant. (rC+)
You are immune to negative energy. (rN+++)
You do not regenerate when monsters are visible.
You are immune to unholy pain and torment.
You can survive without breathing.


Message History

You kill the rat!
No target in view!
No target in view!
i - 2 scrolls labelled CIHASI FOIGEWK (gained 1)
i - 3 scrolls labelled CIHASI FOIGEWK (gained 1)
j - a grey potion No target in view!
No target in view!
No target in view!
Found 13 stones.
No target in view!
No target in view!
No target in view!
No target in view!
Found a scroll labelled RANOEJ NILOTU.
Really walk into a travel-excluded area?
You are engulfed in blazing flames.
You are engulfed in blazing flames.
Ouch! That really hurt!
You die...

.#####..#)..............#
#.....# .#
#.....#..####.####.# #..##..
.# ######...#
######.###....(. .# #§.○#
#.......##### ## #§§§#
#.#.##### # # #§°§# ###.#.##
# ##...#####......# #
§.!.!.○○§....##. ####### # .
☼.)$?.§@§...# #. #.....#
###.... ○..?(.☼☼°...#
#.##.....# ......#
##...#####..# #........#
.##...# #☼§☼# #..#
####.....# .# ## #§☼§# ##.#
#.....# .# #○☼.# #.# ##.....
.# ######...# #.# #...⌠.. .#
#.#.>..########.# #..≈≈≈. .#
#.#..........##.######..≈≈≈.


There were no monsters in sight!

Vanquished Creatures
  3 dart slugs (D:1)
  3 ball pythons (D:1)
  A bat (D:1)
  A giant cockroach (D:1)
  3 goblins (D:1)
  4 hobgoblins (D:1)
  4 kobolds (D:1)
  A frilled lizard (D:1)
  7 rats (D:1)
27 creatures vanquished.

Vanquished Creatures (others)
  A hobgoblin (D:1)
1 creature vanquished.

Grand Total: 28 creatures vanquished

Notes
Turn   | Place    | Note
-------+----------+-------------------------------------------
     0 | D:1      | Borgoz the Ghoul Gladiator began the quest for the Orb.
     0 | D:1      | Reached XP level 1. HP: 17/17 MP: 0/0
   163 | D:1      | Reached XP level 2. HP: 25/25 MP: 1/1
   546 | D:1      | Reached XP level 3. HP: 29/30 MP: 2/2
   748 | D:1      | Engulfed by a cloud of flame

Illustrated notes

Levels and vault maps discovered:
D:1:      dpeg_arrival_round_c, layout_loops_cross, minivault_14,
          serial_park_tiny_pond, minmay_stone_trees_small, lemuel_flame_loot_1

Skill      XL: |  1  2 |
---------------+-------+-----
Long Blades    | 3 |  3.2
Dodging        | 3 |  3.2
Fighting       | |  2.6
Throwing       | |  1.7

Action                   || total
-------------------------++-------
Melee: Long sword        ||    72
  Use: Scroll            ||     2
Armor: Leather armour    ||     7
       Ring mail         ||    27
Dodge: Dodged            ||    51
       Rpst.: Long sword ||    13
